 Dungeon Crawl Stone Soup version 0.27.1-3-gb3d3a73c9e (webtiles) character file.

Game seed: 15148991671729244590

1988 CuBeRJAN3 the Thaumaturge (level 9, 0/52 HPs)
             Began as a Deep Elf Fire Elementalist on Oct 6, 2021.
             Was a Follower of Vehumet.
             Slain by a hornet (11 damage)
             ... on level 7 of the Dungeon on Oct 7, 2021.
             The game lasted 00:26:11 (7870 turns).

CuBeRJAN3 the Thaumaturge (DEFE)                    Turns: 7870, Time: 00:26:12

Health: 0/52       AC:  6    Str:  5    XL:     9   Next: 1%
Magic:  22/23      EV: 12    Int: 24    God:    Vehumet [*.....]
Gold:   422        SH:  0    Dex: 15    Spells: 4/24 levels left

rFire    + . .     SeeInvis .   h - +0 dagger
rCold    x . .     Faith    .   (no shield)
rNeg     . . .     Spirit   .   a - +0 robe
rPois    .         Reflect  .   q - +2 helmet
rElec    .         Harm     .   m - +0 cloak
rCorr    .         Rampage  .   (no gloves)
Will     .....                  (no boots)
Stlth    +++.......             n - amulet of magic regeneration
HPRegen  0.17/turn              k - ring of fire
MPRegen  0.43/turn              (no ring)

@: lethally poisoned (0 -> -12), slowed, very slow
A: no striking features
a: Renounce Religion


You were on level 7 of the Dungeon.
You worshipped Vehumet.
Vehumet was aware of your devotion.
You visited 2 branches of the dungeon, and saw 8 of its levels.

You collected 422 gold pieces.

Inventory:

Hand Weapons
 h - a +0 dagger (weapon)
Armour
 a - a +0 robe (worn)
 m - a +0 cloak (worn)
 q - a +2 helmet (worn)
Jewellery
 k - a ring of fire (left hand)
 n - an amulet of magic regeneration (around neck)
Wands
 s - a wand of iceblast (4)
 w - a wand of flame (13)
Scrolls
 b - 3 scrolls of teleportation
 e - a scroll of summoning
 g - 2 scrolls of immolation
 i - 2 scrolls of identify
 j - a scroll of magic mapping
 l - a scroll of fog
 p - 2 scrolls of amnesia
 r - 2 scrolls of enchant weapon
 t - a scroll of silence
Potions
 c - a potion of ambrosia
 d - a potion of degeneration
 f - a potion of heal wounds
 o - 2 potions of curing
 u - a potion of might
 v - 3 potions of attraction
 x - a potion of flight {unknown}


   Skills:
 * Level 4.5 Fighting
 - Level 2.4 Dodging
 + Level 5.6 Stealth
 * Level 8.0 Spellcasting
 + Level 4.3 Conjurations
 + Level 4.5 Hexes
 + Level 3.7 Translocations
 + Level 5.2 Fire Magic


You had 4 spell levels left.
You knew the following spells:

 Your Spells              Type           Power      Damage    Failure   Level
a - Foxfire               Conj/Fire      100%       2x1d9     1%          1
b - Conjure Flame         Conj/Fire      49%        6-21      2%          3
c - Inner Flame           Hex/Fire       49%        N/A       2%          3
d - Sticky Flame          Conj/Fire      49%        2d7       9%          4
e - Passage of Golubria   Tloc           N/A        N/A       14%         4
f - Fireball              Conj/Fire      24%        3d11      26%         5

Your spell library contained the following spells:

 Spells                   Type           Power      Damage    Failure   Level
 Shock                    Conj/Air       80%        1d8       2%          1
 Tukima's Dance           Hex            31%        N/A       3%          3
 Yara's Violent Unravell  Hex/Tmut       10%        3d6       56%         5


Dungeon Overview and Level Annotations

Branches:
Dungeon (7/15)             Temple (1/1) D:4

Altars:
Ashenzari
Cheibriados
Dithmenos
Elyvilon
Gozag
Kikubaaqudgha
Makhleb
Nemelex Xobeh
Okawaru
Qazlal
Ru
Sif Muna
Uskayaw
Vehumet
Xom
Yredelemnul
Zin
The Shining One

Shops:
D:1 *


Message History

Casting: Foxfire (safe; 1% risk of failure)
Confirm with . or Enter, or press ? or * to list all spells.
Okay, then.
The hornet buzzes angrily.
Casting: Foxfire (safe; 1% risk of failure)
Press: ? - help, Q - select action, (/) - cycle Dir - look around, f - activate You feel a surge of power!
You conjure some foxfire!
The hornet barely misses you.
The foxfire hits the hornet but does no damage.
The hornet stings you but does no damage.
The hornet completely misses you.
Your foxfire dissipates!
The hornet stings you!
You are poisoned.
You feel yourself slow down.
You feel very sick. The hornet stings you!
You feel as though you will be slow longer.
You see here a +0 giant club.
You feel very sick. The hornet stings you!
You feel as though you will be slow longer.
Okay, then.
You feel sick. The hornet stings you!
* * * LOW HITPOINT WARNING * * *
You feel as though you will be slow longer.
You feel much better.
You feel sick. The hornet barely misses you. The hornet stings you.
You feel as though you will be slow longer.
Casting: Foxfire (safe; 1% risk of failure)
Press: ? - help, Q - select action, (/) - cycle Dir - look around, f - activate You feel a surge of power!
You conjure some foxfire!
You feel sick. The hornet stings you!
You feel as though you will be slow longer.
The hornet stings you!
* * * LOW HITPOINT WARNING * * *
You are lethally poisoned!
You feel as though you will be slow longer.
The hornet stings you!
You die...

########## ..# #.........
#.# #.######## #.#
#####.#####..
##.#####(.)......<.#
#....>.v@y##.#######
#......v..##.######
########..###....>...(...#
.................##.####.#
..........###..#.##.#
..######..###..#.##.#
#...##..#.##.#
#.#.##..#.##.# #. .#
#.#.##..#.#..#


You could see a hornet (ally target).

Vanquished Creatures
  2 water moccasins
  A black bear (D:5)
  A sky beast (D:6)
  2 ice beasts
  A necrophage (D:6)
  3 ogres
  2 centaurs (D:6)
  5 scorpions
  A jelly (D:4)
  A centaur skeleton (D:5)
  7 hounds
  3 orc priests
  2 bullfrog skeletons
  An iguana (D:6)
  7 adders
  2 ufetubi
  A worm (D:4)
  3 dart slugs
  6 orcs (D:6)
  10 endoplasms
  5 giant cockroaches
  7 goblins
  7 hobgoblins
  4 jackals
  3 quokkas
  3 ball pythons
  8 bats
  4 frilled lizards
  4 kobolds
  A quokka skeleton (D:4)
  5 rats
112 creatures vanquished.

Vanquished Creatures (collateral kills)
  2 foxfires (D:2)
2 creatures vanquished.

Vanquished Creatures (others)
  402 foxfires
402 creatures vanquished.

Grand Total: 516 creatures vanquished

Notes
Turn   | Place    | Note
-------+----------+-------------------------------------------
     0 | D:1      | CuBeRJAN3 the Deep Elf Fire Elementalist began the quest
                  | for the Orb.
     0 | D:1      | Reached XP level 1. HP: 10/10 MP: 6/6
   352 | D:1      | Reached XP level 2. HP: 7/16 MP: 4/8
   729 | D:1      | Found Kew Esut's Assorted Antiques.
   860 | D:1      | Reached skill level 1 in Fighting
  1388 | D:1      | Reached XP level 3. HP: 19/20 MP: 6/10
  1394 | D:1      | Learned a level 3 spell: Conjure Flame
  1398 | D:1      | Learned a level 3 spell: Inner Flame
  2625 | D:2      | Found a faded altar of an unknown god.
  2673 | D:2      | Reached skill level 4 in Spellcasting
  3252 | D:3      | Reached XP level 4. HP: 25/25 MP: 10/12
  3820 | D:3      | Learned a level 4 spell: Sticky Flame
  3833 | D:4      | Reached skill level 1 in Hexes
  3903 | D:4      | Noticed a scorpion
  3911 | D:4      | Killed a scorpion
  3912 | D:4      | Reached XP level 5. HP: 20/30 MP: 8/13
  4116 | D:4      | Reached skill level 1 in Translocations
  4194 | D:4      | Found a staircase to the Ecumenical Temple.
  4202 | D:4      | Reached XP level 6. HP: 35/35 MP: 9/15
  4253 | Temple   | Entered the Ecumenical Temple
  4437 | Temple   | Became a worshipper of Vehumet
  4492 | D:4      | Found a broken altar of Ashenzari.
  4492 | D:4      | Found a white marble altar of Elyvilon.
  4656 | D:4      | Reached skill level 5 in Spellcasting
  4761 | D:5      | Entered Level 5 of the Dungeon
  4846 | D:5      | Noticed an ice beast
  4862 | D:5      | Killed an ice beast
  4870 | D:5      | Noticed a water moccasin
  4892 | D:4      | Killed a water moccasin
  4893 | D:4      | Reached XP level 7. HP: 31/40 MP: 12/17
  5094 | D:5      | Reached skill level 6 in Spellcasting
  5293 | D:5      | Reached XP level 8. HP: 46/46 MP: 14/19
  5423 | D:5      | Learned a level 4 spell: Passage of Golubria
  5429 | D:5      | Learned a level 5 spell: Fireball
  5732 | D:6      | Reached skill level 5 in Stealth
  5732 | D:6      | Reached skill level 7 in Spellcasting
  5801 | D:6      | Reached * piety under Vehumet
  5801 | D:6      | Offered knowledge of Shock by Vehumet.
  6357 | D:6      | Reached skill level 5 in Fire Magic
  7827 | D:7      | Reached skill level 8 in Spellcasting
  7827 | D:7      | Reached XP level 9. HP: 52/52 MP: 15/23
  7870 | D:7      | Slain by a hornet

Illustrated notes

Levels and vault maps discovered:
D:1:      minmay_arrival_arboretum_small, layout_loops_corners, serial_shops,
          nicolae_diamond_shop, minmay_misc_feat_chi
D:2:      layout_loops_ring, shapermc_ecumenical_altar_gd, serial_aquarium,
          aquarium_bridge_square [aquarium_subvault_bridge,
          aquarium_subvault_bridge, aquarium_subvault_window,
          aquarium_subvault_wall], aquarium_bridge_square
          [aquarium_subvault_window, aquarium_subvault_wall,
          aquarium_subvault_bridge, aquarium_subvault_bridge],
          aquarium_window_1, aquarium_window_corridor_2, aquarium_window_1,
          aquarium_view_2b, aquarium_view_2b, grunt_decor_arrowhead, hex_medium,
          hangedman_decor_points
D:3:      wander_river, layout_rooms, minmay_misc_feat_nine_boxes,
          minmay_strange_pillars, moated_statue, serial_park_tiny_1, st_stairs_1
D:4:      layout_layer_cave, gammafunk_temple_overflow_statue,
          minmay_temple_entry_proselytizer
D:5:      layout_cave_pools
D:6:      wad_crossroads, layout_basic, minmay_misc_feat_tower, minmay_puff
D:7:      layout_loops_ring, nzn_wu_jian_council_hall,
          chequers_serial_rivers_small_b, fountainhead
Temple:   eino_temple_scatter_basement

Skill      XL: |  1  2  3  4  5  6  7  8 |
---------------+-------------------------+-----
Fighting       | 1 2 3 4 |  4.5
Stealth        | 3 4 5 |  5.6
Spellcasting   | 4 5 6 8 |  8.0
Conjurations   | 2 3 4 |  4.3
Hexes          | 1 2 3 4 |  4.5
Translocations | 1 2 3 |  3.7
Fire Magic     | 4 5 |  5.2
Dodging        | |  2.4

Action                   |  1- 3 |  4- 6 |  7- 9 || total
-------------------------+-------+-------+-------++-------
Melee: Unarmed           |     3 |       |       ||     3
       Dagger            |     6 |     1 |       ||     7
 Cast: Foxfire           |    90 |    69 |   104 ||   263
       Inner Flame       |       |     2 |    12 ||    14
       Conjure Flame     |       |     1 |     8 ||     9
       Sticky Flame      |       |       |     5 ||     5
  Use: Scroll            |       |     6 |    11 ||    17
       Potion            |       |     1 |     1 ||     2
Armor: Robe              |     8 |     3 |     7 ||    18
Dodge: Dodged            |    36 |    13 |    14 ||    63
